 Dungeon Crawl Stone Soup version 0.31.0-12-g77e489cdc1 (webtiles) character file.

Game seed: 17397914403480034730

408 Gadfly the Sneak (level 6, 0/28 (30) HPs)
             Began as a Spriggan Enchanter on Feb 18, 2024.
             Slain by a wight
             ... wielding a +2 hand axe
              (1 damage)
             ... on level 4 of the Dungeon.
             The game lasted 00:05:07 (3729 turns).

Gadfly the Sneak (Spriggan Enchanter)               Turns: 3729, Time: 00:05:07

HP:   0/28 (30)     AC:  3    Str:  4    XL:     6   Next: 57%
MP:   7/12          EV: 19    Int: 16    God:
Gold: 172           SH:  0    Dex: 18    Spells: 7/12 levels left

rFire   . . .        b - +1 dagger (elec)
rCold   . . .        (no shield)
rNeg    . . .        e - +0 robe
rPois   .            (helmet restricted)
rElec   .            h - +0 cloak
rCorr   .            (gloves unavailable)
SInv    +            (boots unavailable)
Will    +....        (no amulet)
Stlth   +++          (no ring)
HPRegen 0.24/turn    (no ring)
MPRegen 0.13/turn

%: no passive effects
@: drained, very quick
A: very small, no large weapons, unfitting armour, see invisible, speed 3
a: no special abilities


You were on level 4 of the Dungeon.
You visited 1 branch of the dungeon, and saw 4 of its levels.

You collected 172 gold pieces.

Inventory:

Hand Weapons
 a - a +1 dagger of venom
 b - a +1 dagger of electrocution (weapon)
 k - a +1 dagger
Armour
 e - a +0 robe (worn)
 h - a +0 cloak (worn)
Wands
 i - a wand of charming (7)
Scrolls
 j - a scroll of poison {unknown}
 l - a scroll of identify
Potions
 c - 2 potions of invisibility
 d - a potion of berserk rage
 f - 2 potions of curing
 g - a potion of enlightenment {unknown}


   Skills:
 + Level 1.9 Fighting
 + Level 3.0 Short Blades
 + Level 4.3 Dodging
 + Level 5.8 Stealth
 + Level 3.9 Spellcasting
 + Level 4.7 Hexes
 + Level 3.0 Evocations


You had 7 spell levels left.
You knew the following spells:

 Your Spells              Type           Power      Damage    Failure   Level
a - Ensorcelled Hibernat  Hex/Ice        20%        N/A       10%         2
b - Confusing Touch       Hex            18%        N/A       8%          3

Your spell library contained the following spells:

 Spells                   Type           Power      Damage    Failure   Level
 Tukima's Dance           Hex            18%        N/A       8%          3
 Sting                    Conj/Alch      12%        1d3       17%         1
 Dazzling Flash           Conj/Hex       20%        N/A       19%         3
 Mercury Vapours          Alch/Air       6%         N/A       26%         2
 Leda's Liquefaction      Alch/Erth      1%         N/A       86%         4
 Olgreb's Toxic Radiance  Alch           3%         N/A       86%         4
 Lee's Rapid Deconstruct  Erth           1%         3d4*      99%         5
 Summon Forest            Summ/Tloc      1%         N/A       99%         5
 Bombard                  Conj/Erth      1%         9d1       100%        6
 Eringya's Noxious Bog    Alch           1%         4d6       100%        6
 Summon Hydra             Summ           1%         N/A       100%        7


Dungeon Overview and Level Annotations

Branches:
Dungeon (4/15)
 Temple: D:4-7

Altars:
Cheibriados
Hepliaklqana
The Shining One


Innate Abilities, Weirdness & Mutations

You are very small and have problems with some larger weapons.
You are too small for most types of armour.
You have supernaturally acute eyesight. (SInv)
You cover ground extremely quickly. (Speed+++)


Message History

You hit the wight but do no damage.
The wight is moderately damaged.
The wight hits the wight with a +2 short sword.
You hit the wight but do no damage.
The wight is moderately damaged.
You hit the wight. Lightning courses through the wight!
You destroy the wight!
Your Short Blades skill increases to level 3!
Your Evocations skill increases to level 3!
You closely miss the wight.
The wight is moderately damaged.
The wight misses you.
You hit the wight.
The wight is severely damaged.
You hit the wight but do no damage.
The wight is severely damaged.
The wight barely misses you.
You hit the wight but do no damage.
The wight is heavily damaged.
The wight completely misses you.
You hit the wight.
The wight is severely damaged.
The wight hits you with a +2 hand axe.
You hit the wight but do no damage.
The wight is severely damaged.
The wight barely misses you.
Casting: Confusing Touch (quite dangerous; 8% risk of failure)
Confirm with . or Enter, or press ? or * to list all spells.
Your hands begin to glow red.
The wight hits you with a +2 hand axe.
You feel drained.
You completely miss the wight.
The wight is severely damaged.
The wight hits you with a +2 hand axe!
* * * LOW HITPOINT WARNING * * *
You hit the wight but do no damage.
The wight appears confused.
The wight is severely damaged.
The wight hits you with a +2 hand axe.
* * * LOW HITPOINT WARNING * * *
You feel drained.
You die...

.........#..# #.#
####.....#..# #.#
.........#..#########.#
##.....###............#
##.....###...#.......z#
.............#.######z#
...............# #.#
..####.##.##.########.#####
†...).......[.†.@z........#
...###.#...#.########.###.#
...###.#...#.# #.#
...........#.# #.#
##.###.#####.# #.#
##.###.#####.## #.#
.............># #.#
....##........# .#
#.#.#.........#


You could see a wight (confused).

Vanquished Creatures
  A scorpion (D:4)
  A wight (D:4)
  An orc priest (D:3)
  Crazy Yiuf (D:2)
  4 orc wizards
  A gnoll (D:3)
  6 adders
  A shadow imp (D:3)
  A ribbon worm (D:3)
  2 dart slugs (D:1)
  4 orcs
  7 endoplasms
  2 giant cockroaches (D:1)
  5 goblins
  7 hobgoblins
  4 jackals (D:1)
  3 quokkas
  11 ball pythons
  5 bats
  9 frilled lizards
  8 kobolds
  2 rats
86 creatures vanquished.

Notes
Turn   | Place    | Note
-------+----------+-------------------------------------------
     0 | D:1      | Gadfly the Spriggan Enchanter began the quest for the Orb.
     0 | D:1      | Reached XP level 1. HP: 9/9 MP: 5/5
   265 | D:1      | Reached XP level 2. HP: 13/13 MP: 6/6
   268 | D:1      | Learned a level 2 spell: Ensorcelled Hibernation
   650 | D:1      | Reached XP level 3. HP: 17/17 MP: 8/8
   657 | D:1      | Reached skill level 1 in Evocations
   661 | D:1      | Learned a level 3 spell: Confusing Touch
  1247 | D:2      | Found a runed translucent door.
  1248 | D:2      | Noticed Crazy Yiuf
  1658 | D:2      | Reached XP level 4. HP: 21/21 MP: 9/9
  1694 | D:2      | Reached skill level 1 in Fighting
  1905 | D:2      | Reached skill level 5 in Stealth
  2041 | D:2      | Killed Crazy Yiuf
  2447 | D:3      | Reached XP level 5. HP: 19/25 MP: 8/11
  2662 | D:3      | Found a hazy altar of Hepliaklqana.
  2670 | D:3      | Found a snail-covered altar of Cheibriados.
  2672 | D:3      | Found a glowing golden altar of the Shining One.
  3529 | D:4      | Reached XP level 6. HP: 30/30 MP: 9/12
  3729 | D:4      | HP: 1/29 [wight/+2 hand axe (3)]
  3729 | D:4      | Slain by a wight

Illustrated notes

Levels and vault maps discovered:
D:1:      dpeg_arrival_water_fire, layout_rooms, minmay_misc_feat_plants,
          nicolae_eternal_life
D:2:      layout_basic, minmay_hexomino_f4, uniq_crazy_yiuf_cottage
D:3:      minmay_chambers_of_twos, layout_basic, grunt_temple_overflow_open,
          minmay_lizard_king
D:4:      layout_basic, serial_curves, eino_curves_01, eino_curves_03

Skill      XL: |  1  2  3  4  5  6 |
---------------+-------------------+-----
Spellcasting   | 3 |  3.9
Dodging        | 3 4 |  4.3
Evocations     | 1 2 3 |  3.0
Short Blades   | 2 3 |  3.0
Fighting       | 1 |  1.9
Stealth        | 5 |  5.8
Hexes          | 4 |  4.7

Action                     |  1- 3 |  4- 6 || total
---------------------------+-------+-------++-------
  Melee: Dagger            |   110 |   111 ||   221
         Punch             |       |     3 ||     3
   Cast: Ensorcelled Hiber |    19 |    24 ||    43
         Confusing Touch   |       |     2 ||     2
    Use: Scroll            |     2 |     3 ||     5
   Stab: Sleeping          |    22 |    22 ||    44
 Armour: Robe              |    32 |    38 ||    70
  Dodge: Dodged            |    96 |    78 ||   174
